 Dungeon Crawl Stone Soup version 0.32-a0-614-gd166fa89d2 (webtiles) character file.

Game seed: 2497076039233876506

1865 kae the Cleaver (level 9, 0/65 HPs)
             Began as a Coglin Gladiator on Mar 5, 2024.
             Killed by divine providence
             ... invoked by an orc priest
              (11 damage)
             ... on level 7 of the Dungeon.
             The game lasted 00:05:11 (5959 turns).

kae the Cleaver (Coglin Gladiator)                  Turns: 5959, Time: 00:05:11

Health: 0/65       AC: 14    Str: 19    XL:     9   Next: 13%
Magic:  9/9        EV:  7    Int:  8    God:
Gold:   435        SH:  0    Dex: 15    Spells: 8/8 levels left

rFire   . . .        l - +2 war axe (heavy) {Goro}
rCold   . . .        n - +1 broad axe (heavy) {Mirna}
rNeg    . . .        C - +0 plate armour
rPois   .            c - +0 helmet
rElec   .            (no cloak)
rCorr   .            h - +0 pair of gloves
SInv    .            p - +0 pair of boots
Will    .....        (amulet unavailable) Stlth
                     (ring unavailable)
HPRegen 0.30/turn    (ring unavailable)
MPRegen 0.11/turn    (no gizmo)

%: no passive effects
@: revved
A: off-hand wielding, slow wielding, warmup strikes, no jewellery
a: Invent Gizmo, Convert to Beogh


You were on level 7 of the Dungeon.
You visited 2 branches of the dungeon, and saw 8 of its levels.
You also visited: Sewer.

You collected 435 gold pieces.


Innate Abilities, Weirdness & Mutations

You can wield a second weapon in your off-hand.
It takes a long time for you to wield or remove held weapons.
Your first few attacks do less damage.
You cannot equip rings or amulets.


   Skills:
 + Level 3.6 Fighting
 * Level 10.6 Axes
 - Level 1.7 Throwing
 + Level 2.6 Armour
 + Level 3.9 Dodging


You had 8 spell levels left.
You didn't know any spells.
Your spell library contained the following spells:

 Spells                   Type           Power      Damage    Failure   Level
 Blink                    Tloc           0%         N/A       100%        2
 Ensorcelled Hibernation  Hex/Ice        0%         N/A       100%        2
 Lesser Beckoning         Tloc           0%         N/A       100%        2
 Momentum Strike          Conj/Tloc      0%         3d8       100%        2
 Fugue of the Fallen      Necr           0%         N/A       100%        3
 Anguish                  Hex/Necr       0%         N/A       100%        4
 Animate Dead             Necr           0%         N/A       100%        4
 Haunt                    Necr/Summ      0%         N/A       100%        7
 Infestation              Necr           0%         N/A       100%        8

Inventory:

Hand Weapons
 a - a +0 war axe {Hajoon}
 l - a +2 heavy war axe (weapon) {Goro}
   (You found it on level 2 of the Dungeon)
 n - a +1 heavy broad axe (offhand) {Mirna}
   (You found it on level 2 of the Dungeon)
Missiles
 d - 3 throwing nets (quivered) {=f!f}
 e - a javelin
 f - 3 silver javelins
 k - 80 stones
 m - 11 poisoned darts
 o - 5 datura-tipped darts
Armour
 c - a +0 helmet (worn)
 g - a +0 ring mail
   (You found it on level 1 of the Dungeon)
 h - a +0 pair of gloves (worn)
   (You found it on level 1 of the Dungeon)
 p - a +0 pair of boots (worn)
   (You found it on level 2 of the Dungeon)
 C - a +0 plate armour (worn)
   (You found it on level 6 of the Dungeon)
Jewellery
 i - a ring of willpower
   (You found it on level 1 of the Dungeon)
 F - a ring of fire
   (You found it on level 6 of the Dungeon)
Wands
 j - a wand of flame (21)
   (You found it in a sewer)
 y - a wand of polymorph (8)
   (You found it on level 4 of the Dungeon)
Scrolls
 r - 2 scrolls of immolation {!r!r}
 t - 3 scrolls of teleportation {@r4}
 w - a scroll of amnesia
 x - 3 scrolls of fear
 E - 2 scrolls of identify {@r1}
 G - a scroll of enchant weapon
Potions
 b - 2 potions of curing {@q1}
 q - 4 potions of heal wounds {@q2}
 s - 6 potions of enlightenment
 u - a potion of degeneration {unknown}
 v - 2 potions of cancellation {unknown}
 z - a potion of ambrosia
 A - a potion of attraction {unknown}
 B - a potion of haste {unknown}
 D - a potion of mutation {unknown}

Dungeon Overview and Level Annotations

Branches:
Dungeon (7/15) Zot: 26618  Temple (1/1) D:6 Zot: 5972   Sewer (visited)

Altars:
Ashenzari
Cheibriados
Dithmenos
Fedhas
Gozag
Hepliaklqana
Makhleb
Nemelex Xobeh
Qazlal
Ru
Sif Muna
Trog
Uskayaw
Vehumet
Yredelemnul
Zin

.............<
.######....... #.......
#.....#. ###..##.
#####).).... ######
####.....####..
......######....########..
.......#o@...#### #....
......gog##### ##.##.
!......o## #..##.
........# ##.#...
........# ##.>....
........# #########...##>.
......... ................
........# #..<........
.?......# #..[.>....#.


You could see an orc warrior, an orc priest, 2 gnolls and an orc.


Message History

The orc shouts!
The gnoll bouda hits you with a +0 club.
A gnoll comes into view. It is wielding a +0 halberd. 😕 HP[-4]
You take 4 damage, and now have 60/64 hp.
You closely miss the gnoll bouda with your +2 heavy war axe.
You closely miss the gnoll bouda with your +1 heavy broad axe.
The gnoll bouda gazes fiercely through you!
You feel your attacks grow feeble.
The gnoll bouda hits you but does no damage.
You barely miss the gnoll bouda with your +1 heavy broad axe.
You hit the gnoll bouda but do no damage.
The gnoll bouda hits you with a +0 club!
An orc warrior comes into view. It is wielding a +0 long sword.
The gnoll bouda hits you with a +0 club.
The orc warrior moves out of view.
You barely miss the gnoll bouda with your +1 heavy broad axe.
You hit the gnoll bouda with your +2 heavy war axe.
The gnoll bouda hits you with a +0 club. 😕 HP[-11]
You take 11 damage, and now have 49/64 hp.
You hit the gnoll bouda with your +2 heavy war axe.
You barely miss the gnoll bouda with your +1 heavy broad axe.
Your attacks no longer feel as feeble.
The gnoll is no longer moving quickly.
The gnoll bouda barks out a call to the hunt!
The gnoll picks up the pace!
The gnoll bouda barely misses you.
Unknown command.
You hit the gnoll bouda with your +2 heavy war axe.
You hit the gnoll bouda with your +1 heavy broad axe.
The gnoll bouda hits you with a +0 club.
The gnoll bouda prays to its god.
The gnoll bouda is healed somewhat.
Unknown command. 😮 HP[-4]
You take 4 damage, and now have 45/64 hp.
You hit the gnoll bouda but do no damage.
You slash the gnoll bouda with your +1 heavy broad axe! 😮 HP[+1] Unknown command.
You slash the ice beast with your +2 heavy war axe!
You closely miss the ice beast with your +1 heavy broad axe.
The gnoll is no longer moving quickly.
The gnoll bouda utters an invocation to its god.
The gnoll bouda is healed somewhat.
The ice beast hits you but does no damage.
The gnoll bouda barks out a call to the hunt!
The gnoll picks up the pace!
The ice beast hits you but does no damage.
Unknown command.
You closely miss the ice beast with your +1 heavy broad axe.
You slash the ice beast with your +2 heavy war axe!
The gnoll is no longer moving quickly.
The ice beast hits you but does no damage. 😮 HP[+1]
You barely miss the ice beast with your +2 heavy war axe.
You slice the ice beast with your +1 heavy broad axe!!
You kill the ice beast!
The orc priest calls down the wrath of Beogh upon you.
Beogh smites you!
The gnoll bouda barks out a call to the hunt!
The gnoll picks up the pace! 😮 HP[-9]
You take 9 damage, and now have 38/64 hp.
Unknown command.
You closely miss the gnoll bouda with your +2 heavy war axe.
You slash the gnoll bouda with your +1 heavy broad axe!
You kill the gnoll bouda!
The gnoll hits you but does no damage. x2 😮 HP[+1]
You now have 65 max hp (+1).
You barely miss the gnoll with your +2 heavy war axe.
You closely miss the gnoll with your +1 heavy broad axe.
The gnoll hits you but does no damage.
The orc priest invokes the aid of Beogh against you.
Beogh smites you!
* * * LOW HITPOINT WARNING * * *
The gnoll hits you but does no damage. x2
The orc priest looks encouraged for a moment. 😨 HP[-8]
You take 8 damage, and now have 31/65 hp.
Unknown command.
The orc priest shouts, "Beogh offers mercy even to people such as you.
Join us and be reborn!"
You hit the gnoll with your +1 heavy broad axe.
You slice the gnoll with your +2 heavy war axe!!
You kill the gnoll!
The gnoll hits you from afar with a +0 spear.
* * * LOW HITPOINT WARNING * * *
The orc priest mumbles some strange prayers to Beogh against you.
Beogh smites you!
* * * LOW HITPOINT WARNING * * *
😱 HP[-19]
You take 19 damage, and now have 12/65 hp.
MASSIVE DAMAGE!! (PAUSE)
The gnoll hits you with a +0 spear.
* * * LOW HITPOINT WARNING * * *
The orc priest mumbles some strange prayers to Beogh against you.
Beogh smites you!
You die...

Skill      XL: |  1  2  3  4  5  6  7  8 |
---------------+-------------------------+-----
Axes           | 4 5 6 8 9 10 | 10.6
Dodging        | 3 |  3.9
Armour         | 2 |  2.6
Fighting       | 3 |  3.6
Throwing       | |  1.7

Action                     |  1- 3 |  4- 6 |  7- 9 || total
---------------------------+-------+-------+-------++-------
  Melee: War axe           |    50 |    75 |    86 ||   211
         Dagger            |    27 |       |       ||    27
         Broad axe         |    18 |    67 |    91 ||   176
    Use: Scroll            |     4 |    10 |       ||    14
         Potion            |     1 |     1 |       ||     2
 Armour: Leather armour    |     9 |       |       ||     9
         Ring mail         |    35 |    59 |    25 ||   119
         Plate armour      |       |       |    88 ||    88
  Dodge: Dodged            |    33 |    51 |    48 ||   132

Levels and vault maps discovered:
D:1:      minmay_arrival_three_doors, layout_loops_corners,
          nicolae_figureground_pulse
D:2:      layout_basic, basic_altar, kennysheep_boxes
D:3:      layout_loops_cross, bloody_trog, gup_sewer_entry_bowl,
          minmay_goblin_kobold_house
D:4:      layout_rooms, fiery_altar_vehumet
D:5:      layout_cave_pods, slow_altar_1, zin_academy,
          mainiacjoe_overflow_cross_hatched, nicolae_eternal_life,
          serial_library_hellmonk_recessed_alcove, nrook_campfire,
          nicolae_elevator_lobby_plus
D:6:      layout_basic, nicolae_ashenzari_skybound,
          minmay_temple_entry_offerings, uniq_duvessa
D:7:      layout_rooms, grunt_qazlal_sundering
Temple:   hellmonk_temple_forest_ring

Notes
Turn   | Place    | Note
-------+----------+-------------------------------------------
     0 | D:1      | kae the Coglin Gladiator began the quest for the Orb.
     0 | D:1      | Reached XP level 1. HP: 16/16 MP: 1/1
     0 | D:1      | magus.rc [v1.11.3]
    98 | D:1      | Reached XP level 2. HP: 19/22 MP: 2/2
  1242 | D:2      | Found a shimmering blue altar of Sif Muna.
  1244 | D:2      | Reached skill level 4 in Axes
  1306 | D:2      | Reached XP level 3. HP: 27/27 MP: 3/3
  1662 | D:3      | Found a glowing drain.
  1666 | Sewer    | Entered a sewer
  1699 | Sewer    | Noticed a crocodile
  1704 | Sewer    | Killed a crocodile
  1705 | Sewer    | Reached skill level 5 in Axes
  1705 | Sewer    | Reached XP level 4. HP: 9/33 MP: 4/4
  1705 | Sewer    | Reached XP level 5. HP: 10/38 MP: 5/5
  1746 | Sewer    | Reached skill level 6 in Axes
  1906 | Sewer    | Reached XP level 6. HP: 44/44 MP: 6/6
  1941 | Sewer    | Reached skill level 7 in Axes
  2551 | D:3      | Found a bloodstained altar of Trog.
  2556 | D:3      | You fall into a shaft and drop 1 floor!
  2701 | D:4      | Found a radiant altar of Vehumet.
  3233 | D:4      | Reached skill level 8 in Axes
  3233 | D:4      | Reached XP level 7. HP: 30/50 MP: 7/7
  3383 | D:5      | Entered Level 5 of the Dungeon
  3491 | D:5      | Found a snail-covered altar of Cheibriados.
  3670 | D:5      | Reached skill level 9 in Axes
  3730 | D:5      | Found a burning altar of Makhleb.
  4094 | D:5      | Reached XP level 8. HP: 56/56 MP: 8/8
  4275 | D:5      | Found a glowing silver altar of Zin.
  4374 | D:6      | You pick up a book of Spatial Translocations and begin
                  | reading...
  4374 | D:6      | You add the spells Blink, Momentum Strike and Lesser
                  | Beckoning to your library.
  4387 | D:6      | You pick up a book of Dreams and begin reading...
  4387 | D:6      | You add the spells Ensorcelled Hibernation, Fugue of the
                  | Fallen and Anguish to your library.
  4479 | D:6      | Found a broken altar of Ashenzari.
  4482 | D:6      | Noticed Dowan
  4523 | D:6      | Killed Dowan
  4614 | D:6      | Noticed Duvessa
  4616 | D:6      | Killed Duvessa
  4626 | D:5      | Reached skill level 3 in Dodging
  4771 | D:6      | Reached skill level 1 in Armour
  4910 | D:6      | Reached skill level 10 in Axes
  5137 | D:6      | Found a staircase to the Ecumenical Temple.
  5151 | D:6      | You pick up a book of Death and begin reading...
  5151 | D:6      | You add the spells Animate Dead, Haunt and Infestation to
                  | your library.
  5207 | D:6      | Reached skill level 3 in Fighting
  5249 | Temple   | Entered the Ecumenical Temple
  5532 | D:6      | Reached skill level 2 in Armour
  5734 | D:7      | Found a stormy altar of Qazlal.
  5790 | D:7      | Reached XP level 9. HP: 62/64 MP: 9/9
  5958 | D:7      | HP: 12/65 [orc priest/divine providence (13)]
  5959 | D:7      | Killed from afar by an orc priest

Vanquished Creatures
  2 ice beasts (D:7)
  Duvessa (D:6)
  2 crocodiles (Sewer)
  An ogre (D:4)
  A phantom (D:5)
  2 bullfrogs
  A scorpion (D:6)
  Dowan (D:6)
  3 bombardier beetles
  A hound (D:5)
  5 jellies
  2 gnoll boudas
  2 orc priests
  4 iguanas
  3 orc wizards (D:6)
  A sickly merfolk siren (Sewer)
  A malarious merfolk avatar (Sewer)
  7 adders
  14 gnolls
  3 river rats (Sewer)
  2 shadow imps
  A white imp (D:6)
  2 ufetubi (D:6)
  5 dart slugs
  A ribbon worm (D:3)
  13 orcs
  6 bats
  4 endoplasms
  7 giant cockroaches
  5 goblins
  3 hobgoblins
  4 jackals (D:5)
  12 kobolds
  4 quokkas
  7 ball pythons
  6 frilled lizards
  23 rats
162 creatures vanquished.

Vanquished Creatures (others)
  An endoplasm (D:4)
1 creature vanquished.

Grand Total: 163 creatures vanquished

Table legend:
 A = Non-vault XP
 B = Vault XP
 C = Vault XP percentage of total XP
 D = Non-vault monster count
 E = Vault monster count
 F = Vault count percentage of total count
                 A         B        C        D         E       F
            +---------+---------+-------+---------+---------+-------
      Total |    1977 |     688 |  25.8 |     112 |      50 |  30.9
            +---------+---------+-------+---------+---------+-------
        D:1 |      23 |       0 |   0.0 |      14 |       0 |   0.0
        D:2 |      31 |       0 |   0.0 |       9 |       0 |   0.0
        D:3 |      86 |      15 |  14.9 |      21 |       9 |  30.0
        D:4 |     133 |       0 |   0.0 |       9 |       0 |   0.0
        D:5 |     495 |      48 |   8.8 |      20 |       1 |   4.8
        D:6 |     698 |     196 |  21.9 |      26 |       2 |   7.1
        D:7 |     511 |       0 |   0.0 |      13 |       0 |   0.0
      Sewer |       0 |     429 | 100.0 |       0 |      38 | 100.0
            +---------+---------+-------+---------+---------+-------

Skill      XL: |  1  2  3  4  5  6  7  8 |
---------------+-------------------------+-----
Axes           | 4 5 6 8 9 10 | 10.6
Dodging        | 3 |  3.9
Armour         | 2 |  2.6
Fighting       | 3 |  3.6
Throwing       | |  1.7

Action                     |  1- 3 |  4- 6 |  7- 9 || total
---------------------------+-------+-------+-------++-------
  Melee: War axe           |    50 |    75 |    86 ||   211
         Dagger            |    27 |       |       ||    27
         Broad axe         |    18 |    67 |    91 ||   176
    Use: Scroll            |     4 |    10 |       ||    14
         Potion            |     1 |     1 |       ||     2
 Armour: Leather armour    |     9 |       |       ||     9
         Ring mail         |    35 |    59 |    25 ||   119
         Plate armour      |       |       |    88 ||    88
  Dodge: Dodged            |    33 |    51 |    48 ||   132

Illustrated notes

Table legend:
 A = Kills in this place as a percentage of kills in the entire game.
 B = Kills by you in this place as a percentage of kills by you in the entire game.
 C = Kills by friends in this place as a percentage of kills by friends in the entire game.
 D = Other kills in this place as a percentage of other kills in the entire game.
 E = Experience gained in this place as a percentage of experience gained in the entire game.
 F = Experience gained in this place divided by the number of levels of this place that you have seen.
                   A       B       C       D       E      F
               +-------+-------+-------+-------+-------+----------------------
         Total | 100.0 | 100.0 |   N/A |   N/A | 100.0 | 296.1
       Dungeon |  76.5 |  76.5 |   N/A |   N/A |  83.9 | 319.4
         Sewer |  23.5 |  23.5 |   N/A |   N/A |  16.1 | 429.0
               +-------+-------+-------+-------+-------+----------------------

Table legend: (Time is in decaauts)
 A = Elapsed time spent in this place.
 B = Non-inter-level travel time spent in this place.
 C = Inter-level travel time spent in this place.
 D = Time resting spent in this place.
 E = Time spent auto-exploring this place.
 F = Levels seen in this place.
 G = Mean time per level.
                   A        B        C        D        E       F      G
               +--------+--------+--------+--------+--------+-----+--------+
         Total |   6187 |   5881 |    306 |    324 |   4428 |   9 |  687.4 |
       Dungeon |   5635 |   5330 |    305 |    324 |   4135 |   7 |  805.0 |
        Temple |     27 |     26 |      1 |      0 |     26 |   1 |   27.0 |
         Sewer |    524 |    524 |      0 |      0 |    267 |   1 |  524.0 |
               +--------+--------+--------+--------+--------+-----+--------+

Top non-repeatable levels by time:
     D:6: 1142 daAuts
     D:5: 1086 daAuts
     D:1: 1047 daAuts
     D:3: 884 daAuts
     D:2: 637 daAuts
   Sewer: 524 daAuts
     D:4: 456 daAuts
     D:7: 380 daAuts
  Temple: 27 daAuts
